 Seeded DCSS version 0.27.1-37-g7b29ead8ac (webtiles) character file.

Game seed: 11791701998605686111 (custom seed)

21 tkbsonic5 the Skirmisher (level 2, 0/25 HPs)
             Began as a Barachi Fighter on Oct 21, 2023.
             Slain by a dart slug (1 damage)
             ... on level 1 of the Dungeon.
             The game lasted 00:01:45 (1106 turns).

tkbsonic5 the Skirmisher (Barachi Fighter)          Turns: 1106, Time: 00:01:46

Health: 0/25       AC:  7    Str: 17    XL:     2   Next: 87%
Magic:  2/2        EV:  7    Int:  8    God:
Gold:   69         SH:  9    Dex: 11    Spells: 1/1 levels left

rFire    . . .     SeeInvis .   a - +0 flail
rCold    . . .     Faith    .   c - +0 kite shield
rNeg     . . .     Spirit   .   b - +0 scale mail
rPois    .         Reflect  .   (no helmet)
rElec    .         Harm     .   (no cloak)
rCorr    .         Rampage  .   (no gloves)
Will     .....                  (no boots)
Stlth    ..........             (no amulet)
HPRegen  0.08/turn              (no ring)
MPRegen  0.08/turn              (no ring)

@: mighty, lethally poisoned (0 -> -3), slow
A: amphibious, slowness 1, strong legs 1, +LOS
a: Hop


You were on level 1 of the Dungeon.
You visited 1 branch of the dungeon, and saw 2 of its levels.

You collected 69 gold pieces.

Inventory:

Hand Weapons
 a - a +0 flail (weapon)
Missiles
 h - 19 bolts
Armour
 b - a +0 scale mail (worn)
 c - a +0 kite shield (worn)
Jewellery
 g - a ring of willpower
Scrolls
 e - a scroll of magic mapping {unknown}
 f - 2 scrolls of identify {unknown}
 i - a scroll of fear {unknown}


   Skills:
 + Level 3.9 Fighting
 * Level 2.5 Maces & Flails
 + Level 3.9 Armour
 + Level 0.6 Dodging
 + Level 3.6 Shields


You had one spell level left.
You didn't know any spells.
Your spell library was empty.

Dungeon Overview and Level Annotations

Branches:
Dungeon (2/15)

Altars:

Annotations:
D:2 Sigmund


Innate Abilities, Weirdness & Mutations

You are amphibious.
You cover ground slowly.
You can hop short distances.
You have an extended range of vision and can be seen from far away.


Message History

Found a stone staircase leading up.
There is a stone staircase leading up here.
There are monsters nearby!
You feel very mighty all of a sudden.
Sigmund hits you from afar with a +0 scythe!
You thump Sigmund!
Sigmund is moderately wounded.
Sigmund gestures wildly while chanting.
Sigmund flickers and vanishes!
Deactivating autopickup; reactivate with Ctrl-A.
The worm barely misses you. You block something's attack.
You hit something. You block the endoplasm's attack.
A hobgoblin comes into view.
The goblin hits you with a +1 dagger of venom.
You are poisoned.
The endoplasm hits you but does no damage.
Something hits you but does no damage. The worm barely misses you.
The goblin hits you with a +1 dagger of venom.
You feel very sick. The endoplasm hits you.
* * * LOW HITPOINT WARNING * * *
There is a stone staircase leading up here.
* * * LOW HITPOINT WARNING * * *
You feel sick. You block something's attack.
The worm bites you but does no damage.
The endoplasm hits you but does no damage.
The goblin barely misses you. The dart slug barely misses you.
You climb upwards.
Reactivating autopickup.
* * * LOW HITPOINT WARNING * * *
You feel sick.
There is a stone staircase leading down here.
You sock the worm!
The worm is severely wounded.
* * * LOW HITPOINT WARNING * * *
You feel sick. The endoplasm hits you.
* * * LOW HITPOINT WARNING * * *
The goblin closely misses you. You block the worm's attack.
The dart slug bites you.
You die...

######### #.......#
#.......# #.......#
#...gJ..#############
#...@w..'.......)....
#...w...############.
#.......# ## #...^...# #
####'#### # #.##########
### #.##.......#####..
########.................
#.....##.................


You could see a worm, a dart slug, an endoplasm and a goblin.

Vanquished Creatures
  3 ball pythons (D:1)
  An endoplasm (D:1)
  2 goblins (D:1)
  A hobgoblin (D:1)
  4 jackals (D:1)
  2 kobolds (D:1)
  2 quokkas (D:1)
  A bat (D:1)
  A frilled lizard (D:1)
  A rat (D:1)
18 creatures vanquished.

Notes
Turn   | Place    | Note
-------+----------+-------------------------------------------
     0 | D:1      | tkbsonic5 the Barachi Fighter began the quest for the Orb.
     0 | D:1      | Reached XP level 1. HP: 18/18 MP: 1/1
   137 | D:1      | Reached XP level 2. HP: 25/25 MP: 2/2
  1098 | D:2      | Noticed Sigmund
  1106 | D:1      | HP: 1/25 [endoplasm (2)]
  1106 | D:1      | Slain by a dart slug

Illustrated notes

Levels and vault maps discovered:
D:1:      pf_arrival_petrified_forest, layout_basic
D:2:      layout_rooms, basic_ecumenical_altar, grunt_ministairs_10,
          uniq_sigmund, uniq_jessica

Action                   || total
-------------------------++-------
Melee: Flail             ||    62
 Abil: Hop               ||     3
  Use: Potion            ||     1
Armor: Scale mail        ||    50
Dodge: Dodged            ||    39
Block: Kite shield       ||    49
